 Dungeon Crawl Stone Soup version 0.13-a0-3016-gcb2faac (webtiles) character file.

113 PolkaDot the Sneak (level 3, -2/22 HPs)
             Began as a Vampire Wizard on Sept 13, 2013.
             Slain by an adder (5 damage)
             ... on Level 2 of the Dungeon.
             The game lasted 00:06:02 (1641 turns).

PolkaDot the Sneak (Vampire Wizard)                 Turns: 1641, Time: 00:06:05

HP  -2/22        AC  3     Str  6      XL: 3   Next: 60%
MP   0/10        EV 12     Int 21      God:
Gold 61          SH  0     Dex 12      Spells:  3 memorised,  1 level left

Res.Fire  : + . .   See Invis. : +   e - +0,+1 short sword
Res.Cold  : x . .   Warding    : .   a - +0 robe
Life Prot.: . . .   Conserve   : .   (no shield)
Res.Poison: .       Res.Corr.  : .   b - +0 wizard hat
Res.Elec. : .       Clarity    : .   (no cloak)
Sust.Abil.: . .     Spirit.Shd : .   (no gloves)
Res.Mut.  : .       Stasis     : .   h - +0 pair of elf boots
Res.Rott. : .       Flight     : .   (no amulet)
Saprovore : . . .                    j - ring of wizardry
                                     k - ring of fire

@: regenerating quickly, slightly resistant to hostile enchantments, stealthy
A: fangs 3, see invisible, unbreathing
a: no special abilities


You were on level 2 of the Dungeon.
You were full.

You visited 1 branch of the dungeon, and saw 2 of its levels.

You collected 41 gold pieces.

Inventory:

Hand weapons
 e - a +0,+1 short sword (weapon)
Armour
 a - a +0 robe (worn)
 b - a +0 wizard hat (worn)
 h - a +0 pair of elven boots (worn)
Magical devices
 n - a wand of frost (11)
Scrolls
 l - a scroll of random uselessness {unknown}
 m - a scroll of identify {unknown}
 o - a scroll of remove curse {unknown}
 p - 2 scrolls of teleportation {unknown}
 q - a scroll of fog {unknown}
Jewellery
 i - an uncursed ring of protection from fire {unknown}
 j - a ring of wizardry (right hand)
 k - a ring of fire (left hand)
Potions
 d - a potion of blood
 g - a potion of restore abilities {unknown}
Books
 c - a book of Minor Magic

   Spells                             Type                      Level
   *Magic Dart                        Conjuration                  1
   Blink                              Translocation                2
   Call Imp                           Summoning                    2
   Repel Missiles                     Charms/Air                   2
   Slow                               Hexes                        2
   *Conjure Flame                     Conjuration/Fire             3
   *Mephitic Cloud                    Conjuration/Poison/Air       3


   Skills:
 - Level 2.1 Dodging
 - Level 3.0 Stealth
 - Level 3.0 Spellcasting
 * Level 2.5 Conjurations
   Level 1.0 Summonings
   Level 0.7 Translocations
 + Level 0.6 Air Magic


You had one spell level left.
You knew the following spells:

 Your Spells              Type           Power        Failure   Level  Hunger
a - Magic Dart            Conj           ##..         2%          1    None
d - Mephitic Cloud        Conj/Pois/Air  #.......     12%         3    ###....
s - Conjure Flame         Conj/Fire      ##......     10%         3    ###....


Dungeon Overview and Level Annotations

Branches:
Dungeon (2/27)

Altars:
Xom

Annotations:
D:2 Sigmund


Innate Abilities, Weirdness & Mutations

Your natural rate of healing is unusually fast.
You have razor-sharp teeth.*
You have supernaturally acute eyesight.
You can survive without breathing.*


Message History

The magic dart hits Sigmund.
Sigmund is heavily wounded.
Casting: Magic Dart
Confirm with . or Enter, or press ? or * to list all spells.
Aiming: Magic Dart
Press: ? - help, Shift-Dir - straight line, f/p - Sigmund
Aim: Sigmund, wielding a runed scythe, wearing a robe and carrying a wand of frost {zapped: 1} (heavily wounded, bewildered and confused)
The magic dart hits Sigmund.
Sigmund is heavily wounded.
Sigmund zaps a wand.
Casting: Magic Dart
Confirm with . or Enter, or press ? or * to list all spells.
You don't have enough magic to cast that spell.
Sigmund zaps a wand.
The puff of frost hits you!
You feel a terrible chill!
Your purple potion freezes and shatters!
One of your 2 lumpy inky potions freezes and shatters!
Ouch! That really hurt!
* * * LOW HITPOINT WARNING * * *
The adder bites you.
You die...

####### #.....#
#.....# #..@..#
#...@.#
#...S.##########
+.....>........#
#......#######.#
#......#######.#
................#
#######.#######.#
#+# #.# #.#


You could see Sigmund (confused) and an adder.

Vanquished Creatures
  3 adders (D:2)
  3 bats (D:1)
  2 giant cockroaches (D:1)
  4 goblins
  A hobgoblin (D:1)
  3 jackals (D:2)
  A quokka (D:2)
  4 giant newts
  5 kobolds
26 creatures vanquished.

Notes
Turn   | Place    | Note
--------------------------------------------------------------
     0 | D:1      | PolkaDot, the Vampire Wizard, began the quest for the Orb.
     0 | D:1      | Reached XP level 1. HP: 11/11 MP: 6/6
   215 | D:1      | Found a shimmering altar of Xom.
   251 | D:1      | Reached skill level 1 in Conjurations
   430 | D:1      | Reached XP level 2. HP: 17/17 MP: 2/8
  1151 | D:2      | Reached XP level 3. HP: 20/22 MP: 6/10
  1159 | D:2      | Learned a level 3 spell: Conjure Flame
  1163 | D:2      | Learned a level 3 spell: Mephitic Cloud
  1630 | D:2      | Noticed Sigmund
  1641 | D:2      | Slain by an adder

Action                   || total
-------------------------++-------
Melee: Short sword       ||     7
 Cast: Magic Dart        ||    72
       Mephitic Cloud    ||     1
  Use: Scroll            ||     2
 Stab: Sleeping          ||     1
